AoeStats
← 海峡

Black Forest

508415024Analyzed
4v4 RM · 11d ago on Sep 22, 2026· 38m 48s· 8 players
Game mode
Random Map
Map size
Large (8 player)
Population
200
Speed
Normal
Resources
Standard
Victory
Conquest
Starting age
Dark Age
Ending age
Imperial Age
RankedLock teamsTeams togetherTeam positionsShared explorationLock speedFull tech treeHidden civsTurbo modeCheats
Victory
Defeat
🇨🇳 Goths · China
1475
+9
🇦🇷 Persians · Argentina
1244
+19
🇨🇳 Turks · China
1198
+20
🇨🇳 Huns · China
1143
+23
🇨🇳 Franks · China
1331
-19
🇨🇳 Malay · China
1315
-18
🇹🇼 Dravidians · Taiwan
1289
-17
🇹🇼 Magyars · Taiwan
1279
-17
mydogqmi
0:50 Loom
14:45 Feudal Age
17:35 Double-Bit Axe
23:49 Castle Age
21:38 Man-at-Arms
22:27 Horse Collar
26:02 Wheelbarrow
25:26 Fishing Lines
27:10 Bow Saw
28:05 Fletching
28:16 Padded Archer Armor
29:05 Thumb Ring
28:21 Elite Skirmisher
31:00 Bodkin Arrow
31:21 Leather Archer Armor
33:05 Ballistics
35:40 Fortified Wall
35:51 Gillnets
38:43 Imperial Age
37:04 Forging
36:55 Scale Mail Armor
36:57 Pikeman
37:37 Squires
38:11 Gambesons
39:14 Iron Casting
38:54 Chain Mail Armor
安安您好
4:49 Loom
10:19 Feudal Age
12:44 Double-Bit Axe
15:23 Castle Age
14:52 Horse Collar
16:49 Bow Saw
21:47 Bloodlines
23:45 Wheelbarrow
23:16 Heavy Plow
24:23 Caravan
26:31 Hand Cart
27:16 Gold Mining
31:55 Imperial Age
30:06 Scale Barding Armor
30:22 Husbandry
32:12 Chain Barding Armor
32:01 Cavalier
33:37 Plate Barding Armor
33:23 Paladin
祈求好运
0:42 Loom
11:36 Feudal Age
18:46 Castle Age
16:34 Double-Bit Axe
17:11 Horse Collar
22:51 Wheelbarrow
27:38 Heavy Plow
29:48 Bow Saw
30:16 Hand Cart
31:41 Masonry
34:44 Imperial Age
32:08 Fletching
32:19 Padded Archer Armor
32:58 Ballistics
33:09 Gold Mining
33:41 Squires
33:38 Bodkin Arrow
33:59 Leather Archer Armor
33:58 Thumb Ring
33:14 Crossbowman
34:54 Gold Shaft Mining
34:50 Conscription
35:14 Bracer
35:26 Arbalester
38:26 Chemistry
XHK
11:34 Feudal Age
15:29 Castle Age
13:51 Double-Bit Axe
15:01 Fishing Lines
16:41 Bow Saw
21:50 Wheelbarrow
24:44 Gold Mining
28:23 Imperial Age
27:11 Gold Shaft Mining
26:52 Hand Cart
26:23 Loom
26:23 Town Watch
26:46 Scale Barding Armor
26:34 Gillnets
27:19 Forging
28:10 Chain Barding Armor
29:58 Plate Barding Armor
29:58 Iron Casting
28:58 Cavalier
29:38 Husbandry
30:28 Coinage
30:55 Husbandry
30:18 Paladin
33:18 Banking
34:07 Blast Furnace
32:57 Fletching
35:05 Conscription
36:02 Caravan
36:50 Light Cavalry
37:33 Chivalry
还有遗憾吗
3:52 Loom
14:13 Feudal Age
17:53 Castle Age
16:21 Stone Mining
17:15 Double-Bit Axe
17:44 Horse Collar
26:45 Imperial Age
25:28 Forging
25:31 Padded Archer Armor
26:29 Leather Archer Armor
26:30 Gold Mining
31:13 Ring Archer Armor
34:21 Gold Shaft Mining
37:33 Forging
39:00 Bow Saw
38:53 Heavy Plow
39:09 Squires
Nightmare
10:58 Feudal Age
14:25 Castle Age
13:18 Double-Bit Axe
13:13 Horse Collar
13:16 Fishing Lines
15:08 Bow Saw
20:56 Gillnets
21:53 Wheelbarrow
20:59 Horse Collar
24:51 Loom
25:21 Hand Cart
26:04 Town Watch
29:50 Imperial Age
27:51 Scale Barding Armor
27:52 Husbandry
28:02 Bloodlines
28:15 Forging
28:07 Heavy Plow
28:50 Gold Mining
28:50 Stone Mining
29:22 Chain Barding Armor
31:16 Chemistry
31:38 Two-Man Saw
31:08 Crop Rotation
31:15 Iron Casting
30:26 Cavalier
32:08 Gold Shaft Mining
32:08 Stone Shaft Mining
32:00 Savar
35:04 Plate Barding Armor
36:45 Ballistics
36:17 Fletching
37:55 Blast Furnace
37:06 Guilds
37:15 Bodkin Arrow
37:31 Masonry
37:17 Murder Holes
海峡
4:56 Loom
10:24 Feudal Age
10:55 Man-at-Arms
12:19 Fishing Lines
19:21 Castle Age
18:04 Scale Mail Armor
19:50 Double-Bit Axe
19:42 Long Swordsman
20:35 Pikeman
25:58 Wheelbarrow
25:55 Horse Collar
26:29 Bow Saw
26:23 Town Watch
32:11 Imperial Age
29:58 Chain Mail Armor
29:55 Forging
29:55 Heavy Plow
30:27 Hand Cart
31:05 Squires
32:08 Iron Casting
31:48 Gold Mining
32:42 Town Patrol
32:15 Two-Handed Swordsman
32:19 Capped Ram
34:18 Two-Man Saw
34:00 Champion
35:53 Fervor
37:15 Blast Furnace
37:16 Crop Rotation
36:34 Halberdier
38:55 Stone Mining
Dark Light-XiaoXiao
11:39 Feudal Age
17:43 Castle Age
15:58 Double-Bit Axe
16:44 Horse Collar
17:40 Wheelbarrow
17:50 Scale Barding Armor
19:12 Bow Saw
21:06 Gold Mining
21:18 Stone Mining
22:22 Hand Cart
24:39 Bloodlines
25:17 Heavy Plow
30:42 Marauders
31:25 Husbandry
33:30 Loom
37:03 Imperial Age
34:20 Town Watch
36:43 Chain Barding Armor
36:34 Forging
37:36 Scale Mail Armor
37:17 Pikeman
37:58 Squires
39:13 Gold Shaft Mining
39:17 Conscription
Connection lost

Rejoining the realm…

Still unreachable

The connection could not be restored.

Session expired

The server has moved on; the page needs a fresh start.